 Dungeon Crawl Stone Soup version 0.31.0-32-g396128a36d (webtiles) character file.

Game seed: 2609803128740127252

6355 sking99 the Grappler (level 10, -3/102 HPs)
             Began as a Troll Monk on Mar 11, 2024.
             Was a Priest of Uskayaw.
             Killed by nerve-wracking pain
             ... invoked by an orc priest
              (13 damage)
             ... on level 9 of the Dungeon.
             The game lasted 00:12:24 (7941 turns).

sking99 the Grappler (Troll Monk)                   Turns: 7941, Time: 00:12:24

Health: -3/102     AC: 10    Str: 25    XL:     10   Next: 65%
Magic:  6/12       EV: 24    Int: 12    God:    Uskayaw [***...]
Gold:   424        SH: 10    Dex: 18    Spells: 9/9 levels left

rFire   + .          .
                       - Unarmed
rCold   . . .        w - +0 kite shield
rNeg    . . .        u - +0 robe "Dyugoot" {rF+ Dex+6}
rPois   .            (helmet restricted)
rElec   .            n - +1 cloak
rCorr   .            (gloves unavailable)
SInv    .            (boots unavailable)
Will    .....        t - amulet of the acrobat
Stlth   ++           o - +4 ring of protection
HPRegen 1.17/turn    h - +6 ring of intelligence
MPRegen 0.13/turn

%: acrobat
@: acrobatic
A: large, unfitting armour, claws 3, regeneration 1, shaggy fur 1, tough skin 1
a: Renounce Religion, Stomp, Line Pass


You were on level 9 of the Dungeon.
You worshipped Uskayaw.
Uskayaw was noncommittal.
You visited 2 branches of the dungeon, and saw 10 of its levels.

You collected 424 gold pieces.

Inventory:

Missiles
 r - a throwing net (quivered)
Armour
 c - an orb of light
 n - a +1 cloak (worn)
 u - the +0 robe "Dyugoot" (worn) {rF+ Dex+6}
   (You found it on level 6 of the Dungeon)

   Dex+6:     It affects your dexterity (+6).
   rF+:       It protects you from fire.
 w - a +0 kite shield (worn)
Jewellery
 h - a +6 ring of intelligence (right claw)
 o - a +4 ring of protection (left claw)
 t - an amulet of the acrobat (around neck)
 z - a ring of wizardry
 A - an amulet of magic regeneration
Wands
 f - a wand of paralysis (17)
 l - a wand of quicksilver (20)
 q - a wand of flame (17)
 s - a wand of digging (4)
Scrolls
 a - a scroll of torment {unknown}
 g - 2 scrolls of identify
 j - 5 scrolls of teleportation
 p - a scroll of enchant weapon
 x - a scroll of revelation {unknown}
 y - a scroll of enchant armour
 B - a scroll of vulnerability
Potions
 b - a potion of resistance {unknown}
 d - 3 potions of might
 e - 2 potions of curing
 i - a potion of brilliance
 k - 2 potions of haste {unknown}
 m - 2 potions of enlightenment
 v - a potion of attraction
 C - a potion of mutation {unknown}


   Skills:
 + Level 7.0 Fighting
 - Level 2.4 Dodging
 + Level 5.3 Shields
 + Level 10.2 Unarmed Combat
 + Level 4.8 Invocations
 + Level 4.8 Evocations


You had 9 spell levels left.
You didn't know any spells.
Your spell library contained the following spells:

 Spells                   Type           Power      Damage    Failure   Level
 Magic Dart               Conj           0%         1d3       54%         1
 Blink                    Tloc           0%         N/A       69%         2
 Call Imp                 Summ           0%         N/A       69%         2
 Sublimation of Blood     Necr           0%         N/A       69%         2
 Tukima's Dance           Hex            0%         N/A       89%         3
 Dimensional Bullseye     Hex/Tloc       0%         N/A       100%        4
 Iskenderun's Mystic Bla  Conj/Tloc      0%         2d3       100%        4
 Petrify                  Alch/Erth      0%         N/A       100%        4
 Vhi's Electric Charge    Tloc/Air       0%         N/A       100%        4
 Arcjolt                  Conj/Air       0%         1d10      100%        5
 Irradiate                Conj/Alch      0%         3d11      100%        5
 Plasma Beam              Fire/Air       0%         2x1d10    100%        6


Dungeon Overview and Level Annotations

Branches:
Dungeon (9/15)             Temple (1/1) D:6            Lair (0/5) D:8
    Orc: D:9-12

Altars:
Ashenzari
Cheibriados
Dithmenos
Elyvilon
Fedhas
Gozag
Hepliaklqana
Kikubaaqudgha
Makhleb
Nemelex Xobeh
Okawaru
Qazlal
Sif Muna
Trog
Uskayaw
Wu Jian
Xom
Yredelemnul
Zin

Shops:
D:4 *   D:5 :[(=


Innate Abilities, Weirdness & Mutations

You are too large for most types of armour.
You have claws for hands.
Your natural rate of healing is unusually fast.
You are covered in fur. (AC +1)
You have tough skin. (AC +1)


Message History

You destroy the wight!
The orc priest shouts!
The orc warrior is no longer paralysed.
You block something's attack.
Things that are here:
a +0 giant club; a +0 giant club; a two-headed ogre corpse You scratch something.
You hear some strange, mumbled words.
A swirling arc of seething chaos appears!
An arc of chaos appears from out of thin air!
The arc of chaos hits the orc warrior.
The arc of chaos hits you but does no damage.
The orc warrior zaps a wand.
Your mind is blasted!
Uskayaw will force your foes to share their pain.
Uskayaw links your audience in an emotional bond!
You scratch something.
You hear some strange, mumbled words.
A swirling arc of seething chaos appears!
An arc of chaos appears from out of thin air!
The arc of chaos hits the orc warrior.
The orc warrior seems to slow down.
The arc of chaos hits you. Something hits you but does no damage.
Space warps horribly around you!!
* * * LOW HITPOINT WARNING * * *
The orc warrior hits you with a +0 dire flail.
* * * LOW HITPOINT WARNING * * *
You stomp with the beat, sending a shockwave through the revellers around you!
The orc warrior is severely wounded.
You hear a zap.
A bolt of dispelling energy appears from out of thin air!
The bolt of dispelling energy hits you.
* * * LOW HITPOINT WARNING * * *
Unknown command.
You stomp with the beat, sending a shockwave through the revellers around you!
You kill the orc warrior!
Reactivating autopickup.
You feel a bit more experienced.
Unknown command.
The orc priest is no longer sharing its pain.
The orc priest invokes the aid of Beogh against you.
Pain shoots through your body!
You die...

...................... ##..
.........)...........##### #...
#.........................###..
#.................#...###......
................###....####..).
#.....#......o#.†......#.#.....
....###..###))#................
.##. #### ##)##.....##...#..#.
# ##@..##########.... #).)#
#..... #...# #..... #...#
#..... #>..' ##.... #...#~
##.## #...#~♣ . #...# ~


You could see an orc priest.

Vanquished Creatures
  A two-headed ogre (D:9)
  Joseph (D:8)
  A gargoyle (D:9)
  Psyche (D:9)
  2 wyverns (D:8)
  A basilisk (D:8)
  Edmund (D:4)
  4 water moccasins
  2 ice beasts
  4 sky beasts
  4 orc warriors
  2 black bears (D:8)
  2 wolves (D:8)
  4 centaurs
  3 phantoms
  A kobold brigand (D:8)
  A gnoll sergeant (D:9)
  6 bullfrogs
  3 scorpions
  5 wights (D:9)
  4 killer bees (D:8)
  3 howler monkeys (D:9)
  A bombardier beetle (D:5)
  4 orc priests
  A hound (D:7)
  Crazy Yiuf (D:3)
  3 iguanas
  A jelly (D:4)
  3 sleepcaps
  Jessica (D:2)
  A gnoll bouda (D:5)
  Ijyb (D:4)
  5 orc wizards
  Robin (D:2)
  6 adders
  11 gnolls
  A shadow imp (D:6)
  4 white imps
  4 ufetubi
  2 dart slugs
  A ribbon worm (D:3)
  25 orcs
  7 bats
  5 endoplasms
  2 giant cockroaches
  11 goblins
  10 hobgoblins
  5 jackals
  2 quokkas (D:2)
  7 ball pythons
  3 frilled lizards
  11 kobolds
  6 rats
202 creatures vanquished.

Vanquished Creatures (others)
  An orc (D:9)
1 creature vanquished.

Grand Total: 203 creatures vanquished

Notes
Turn   | Place    | Note
-------+----------+-------------------------------------------
     0 | D:1      | sking99 the Troll Monk began the quest for the Orb.
     0 | D:1      | Reached XP level 1. HP: 22/22 MP: 0/0
   222 | D:1      | Reached XP level 2. HP: 29/29 MP: 1/1
   958 | D:2      | Reached XP level 3. HP: 34/36 MP: 2/2
   971 | D:2      | Reached skill level 4 in Unarmed Combat
  1171 | D:2      | Noticed Jessica
  1177 | D:2      | Killed Jessica
  1178 | D:2      | Reached XP level 4. HP: 43/45 MP: 3/3
  1285 | D:2      | Noticed Robin
  1305 | D:2      | Killed Robin
  1657 | D:3      | Found a runed translucent door.
  1658 | D:3      | Noticed Crazy Yiuf
  2418 | D:3      | Killed Crazy Yiuf
  2419 | D:3      | Reached skill level 5 in Unarmed Combat
  2419 | D:3      | Reached XP level 5. HP: 7/53 MP: 4/4
  2724 | D:4      | Noticed Ijyb
  2724 | D:4      | Paralysed by Ijyb for 4 turns
  2734 | D:4      | Killed Ijyb
  2920 | D:4      | Noticed Edmund
  2933 | D:4      | Killed Edmund
  2934 | D:4      | Reached skill level 6 in Unarmed Combat
  2934 | D:4      | Reached XP level 6. HP: 42/62 MP: 5/5
  2962 | D:4      | Found Bytulyac's General Store.
  3432 | D:5      | Entered Level 5 of the Dungeon
  3574 | D:5      | Found a shimmering blue altar of Sif Muna.
  3605 | D:5      | Found Cytosu's Antique Armour Shop.
  3612 | D:5      | Reached XP level 7. HP: 70/70 MP: 6/6
  3672 | D:5      | Found Asmiod's Jewellery Boutique.
  3718 | D:5      | Reached skill level 7 in Unarmed Combat
  3768 | D:5      | Found a snail-covered altar of Cheibriados.
  3774 | D:5      | Found Ruveaps's Weapon Emporium.
  3850 | D:5      | Reached skill level 1 in Evocations
  3853 | D:5      | Found a white marble altar of Elyvilon.
  3978 | D:5      | Found an opulent altar of Gozag.
  4045 | D:5      | Found Raogan's Book Shop.
  4280 | D:5      | Found Jieq's Antique Armour Shop.
  4300 | D:5      | Reached XP level 8. HP: 76/79 MP: 7/7
  4726 | D:6      | Reached skill level 8 in Unarmed Combat
  4770 | D:6      | Reached skill level 5 in Fighting
  4773 | D:6      | Reached skill level 1 in Shields
  4868 | D:6      | Found a sparkling altar of Nemelex Xobeh.
  5085 | D:6      | Found a staircase to the Ecumenical Temple.
  5091 | Temple   | Entered the Ecumenical Temple
  5105 | Temple   | Became a worshipper of Uskayaw the Reveller
  5105 | Temple   | Reached * piety under Uskayaw
  5279 | D:6      | Reached ** piety under Uskayaw
  5361 | D:6      | Reached *** piety under Uskayaw
  5735 | D:6      | Identified the +0 robe "Dyugoot" {rF+ Dex+6}
  6193 | D:7      | Reached skill level 1 in Invocations
  6207 | D:7      | Identified the +0 robe of Qaiwak {rPois}
  6216 | D:7      | Found an ornate altar of the Wu Jian Council.
  6369 | D:7      | Reached **** piety under Uskayaw
  6370 | D:7      | Reached XP level 9. HP: 88/88 MP: 9/9
  6661 | D:7      | Reached skill level 9 in Unarmed Combat
  6680 | D:7      | Found a stormy altar of Qazlal.
  7150 | D:8      | Found a hazy altar of Hepliaklqana.
  7452 | D:8      | Reached ***** piety under Uskayaw
  7527 | D:8      | Found a staircase to the Lair.
  7544 | D:8      | Noticed Joseph
  7554 | D:8      | Killed Joseph
  7555 | D:8      | Reached XP level 10. HP: 100/100 MP: 11/11
  7887 | D:9      | Noticed a gargoyle
  7897 | D:9      | Killed a gargoyle
  7898 | D:9      | Reached skill level 10 in Unarmed Combat
  7910 | D:9      | Found a shadowy altar of Dithmenos.
  7912 | D:9      | Noticed a two-headed ogre
  7914 | D:9      | Noticed Psyche
  7934 | D:9      | Killed a two-headed ogre
  7935 | D:9      | Reached skill level 5 in Shields
  7940 | D:9      | Killed Psyche
  7941 | D:9      | Killed from afar by an orc priest

Illustrated notes

Levels and vault maps discovered:
D:1:      sevenhm_arrival_forest_fort_large_1, layout_loops_corners
D:2:      layout_basic, st_stairs_8, uniq_jessica, uniq_robin
D:3:      layout_basic, uniq_crazy_yiuf_cottage
D:4:      layout_loops_ring, serial_shops, shop, uniq_edmund, uniq_ijyb
D:5:      layout_loops_corners, nicolae_gozag_cash_rules_everything_around_me,
          cheibriados_altar_1, nicolae_sif_muna_little_library,
          elyvilon_altar_4, serial_shops, nicolae_shop_window_shopping,
          shop_statue, shop, nicolae_shop_pleasant_corner_grove,
          kennysheep_mini_moat
D:6:      layout_basic, nemelex_xobeh_ov_fountains_minmay,
          minmay_temple_entry_wispy, kennysheep_small_spiral
D:7:      layout_layer_cave, kennysheep_little_box, mainiacjoe_overflow_catwalk
D:8:      layout_cave_pools, nzn_hepliaklqana_mist_gate,
          minmay_lair_entry_grove, uniq_joseph
D:9:      layout_cave_pools, marbit_many_paths, nicolae_vehumet_altar_sigil,
          mainiacjoe_overflow_chevrons, minmay_orc_entry_temple_small,
          kennysheep_small_square, uniq_psyche
Temple:   nicolae_temple_ecumenical_triangle

Skill      XL: |  1  2  3  4  5  6  7  8  9 10 |
---------------+-------------------------------+-----
Unarmed Combat | 4 5 6 7 8 9 10 | 10.2
Fighting       | 3 4 5 6 7 |  7.0
Evocations     | 1 3 4 |  4.8
Shields        | 2 4 5 |  5.3
Invocations    | 1 3 4 |  4.8
Dodging        | |  2.4

Action                     |  1- 3 |  4- 6 |  7- 9 | 10-12 || total
---------------------------+-------+-------+-------+-------++-------
  Melee: Unarmed           |    68 |   118 |   318 |    62 ||   566
 Invoke: Line Pass         |       |       |     2 |       ||     2
         Stomp             |       |       |     1 |     3 ||     4
    Use: Scroll            |       |    10 |     5 |       ||    15
         Potion            |       |     1 |     1 |       ||     2
   Stab: Paralysed         |       |       |     8 |     6 ||    14
         Confused          |       |       |     1 |       ||     1
 Armour: Robe              |    25 |    61 |   238 |    35 ||   359
  Dodge: Dodged            |    33 |    48 |   138 |    19 ||   238
  Block: Kite shield       |       |       |   122 |    35 ||   157
